 Dungeon Crawl Stone Soup version 0.32-a0-975-g85d4e5bfdb (webtiles) character file.

Game seed: 11786583279172111752

51 Dittersdorf the Shield-Bearer (level 3, -3/24 HPs)
             Began as a Gargoyle Fighter on Apr 18, 2024.
             Slain by Terence
             ... wielding a +3 flail of draining
              (7 damage)
             ... on level 1 of the Dungeon.
             The game lasted 00:00:56 (800 turns).

Dittersdorf the Shield-Bearer (Gargoyle Fighter)     Turns: 800, Time: 00:00:57

Health: -3/24      AC: 12    Str: 21    XL:     3   Next: 83%
Magic:  3/3        EV:  6    Int:  8    God:
Gold:   48         SH:  4    Dex:  9    Spells: 2/2 levels left

rFire   . . .        a - +0 flail
rCold   . . .        c - +0 buckler
rNeg    + . .        i - +0 chain mail
rPois   ∞            (no helmet)
rElec   +            (no cloak)
rCorr   .            (no gloves)
SInv    .            (no boots)
Will    .....        (no amulet) Stlth
                     (no ring)
HPRegen 0.24/turn    (no ring)
MPRegen 0.08/turn

%: no passive effects
@: no status effects
A: sickness immunity, AC +3, negative energy resistance 1, electricity
resistance, torment resistance 1, petrification resistance
a: no special abilities


You were on level 1 of the Dungeon.
You visited 1 branch of the dungeon, and saw 2 of its levels.

You collected 48 gold pieces.

Inventory:

Hand Weapons
 a - a +0 flail (weapon)
Armour
 c - a +0 buckler (worn)
 i - a +0 chain mail (worn)
Magical Staves
 f - a staff of earth
Scrolls
 e - a scroll of enchant armour {unknown}
 g - a scroll of teleportation {unknown}
 h - a scroll of poison {unknown}
 k - a scroll of vulnerability {unknown}
 m - a scroll of noise {unknown}
 n - a scroll of amnesia {unknown}
 o - a scroll of immolation {unknown}
Potions
 b - a potion of curing {unknown}
 d - a potion of might
 j - a potion of brilliance {unknown}
 l - a potion of attraction {unknown}


   Skills:
 + Level 3.8 Fighting
 + Level 2.6 Maces & Flails
 + Level 3.8 Armour
 + Level 3.8 Shields


You had 2 spell levels left.
You didn't know any spells.
Your spell library was empty.

Dungeon Overview and Level Annotations

Branches:
Dungeon (2/15)

Altars:

Annotations:
D:1 Terence


Innate Abilities, Weirdness & Mutations

You are immune to sickness and miasma.
Your stone body is resilient. (AC +3)
You are immune to poison.
You resist negative energy. (rN+)
You are resistant to electric shocks. (rElec)
You are resistant to unholy torment.
You are immune to petrification.


Message History

There is a stone staircase leading down here.
You start resting.
HP restored.
Okay, then.
You climb downwards.
Level annotation: Terence The adder bites you but does no damage.
An endoplasm comes into view.
Terence hits you with a +3 flail of draining.
The adder barely misses you.
There is a stone staircase leading up here.
Terence asks, "Do you want it fast or slow?"
Terence barely misses you. The adder closely misses you.
You climb upwards.
There is a stone staircase leading down here.
Terence looks scornfully at you. Terence attacks as he pursues you!
Terence hits you with a +3 flail of draining!
Terence barely misses you. The adder closely misses you.
The adder attacks as it pursues you! The adder bites you.
The adder attacks as it pursues you! The adder bites you but does no damage.
The adder bites you.
You sock the adder!
The adder is almost dead.
The adder bites you but does no damage.
You miss the adder.
The adder is almost dead.
The adder bites you but does no damage. The adder bites you.
You sock the adder!
You kill the adder!
You hit Terence.
Terence is lightly wounded.
Terence hits you with a +3 flail of draining!
* * * LOW HITPOINT WARNING * * *
You sock Terence!
Terence is heavily wounded.
Terence says, "Did you write a will?
You should..."
Terence hits you with a +3 flail of draining!
You die...
Terence says, "Rest in peace."

.##.# .##.######
....[....#### #####
....####....## #...####
.#.#####.###.# #.#....#
.#.##....# #.# #...##.##
##.##.##.###.# ##.#.#...#
#..........#####)###....#
####.####......@## ##...#
####..# ########@###.####
...#.## ######..#....#
##.#.# #......#...#.#
...#.#######......##....#
^.................#.....#
...#.##..###...>..##....#
...#.##..# #......###.#.#
...#.##..# ######.......#


You could see Terence.

Vanquished Creatures
  3 adders (D:1)
  A dart slug (D:1)
  2 ball pythons
  3 endoplasms (D:1)
  3 hobgoblins (D:1)
  2 kobolds (D:1)
  5 bats (D:1)
  A frilled lizard (D:1)
  A goblin (D:1)
  2 rats (D:1)
23 creatures vanquished.

Notes
Turn   | Place    | Note
-------+----------+-------------------------------------------
     0 | D:1      | Dittersdorf the Gargoyle Fighter began the quest for the
                  | Orb.
     0 | D:1      | Reached XP level 1. HP: 14/14 MP: 1/1
   259 | D:1      | Reached XP level 2. HP: 19/19 MP: 2/2
   738 | D:2      | Noticed Terence
   759 | D:1      | Reached XP level 3. HP: 17/23 MP: 3/3
   800 | D:1      | Slain by Terence

Illustrated notes

Levels and vault maps discovered:
D:1:      mrwooster_arrival_statue, layout_loops_cross
D:2:      layout_basic, dilly_ecumenical_altar_fadedgnrine, uniq_natasha,
          uniq_terence

Action                     || total
---------------------------++-------
  Melee: Flail             ||    96
 Armour: Scale mail        ||    20
         Chain mail        ||   109
  Dodge: Dodged            ||    42
  Block: Buckler           ||    24

Table legend: (Time is in decaauts)
 A = Elapsed time spent in this place.
 B = Non-inter-level travel time spent in this place.
 C = Inter-level travel time spent in this place.
 D = Time resting spent in this place.
 E = Time spent auto-exploring this place.
 F = Levels seen in this place.
 G = Mean time per level.
                   A        B        C        D        E       F      G
               +--------+--------+--------+--------+--------+-----+--------+
         Total |    831 |    820 |     11 |      3 |    556 |   2 |  415.5 |
       Dungeon |    831 |    820 |     11 |      3 |    556 |   2 |  415.5 |
               +--------+--------+--------+--------+--------+-----+--------+

Top non-repeatable levels by time:
     D:1: 818 daAuts
     D:2: 13 daAuts
